 Dungeon Crawl Stone Soup version 0.30-a0-743-gbfdf073431 (webtiles) character file.

Game seed: 9206656186373705146

75 Leeroy the Slasher (level 4, -6/23 HPs)
             Began as a Vine Stalker Warper on Feb 5, 2023.
             Mangled by Ijyb
             ... wielding a +4 club
              (8 damage)
             ... on level 3 of the Dungeon.
             The game lasted 00:02:36 (1667 turns).

Leeroy the Slasher (Vine Stalker Warper)            Turns: 1667, Time: 00:02:37

Health: -6/23      AC:  3    Str: 13    XL:     4   Next: 31%
Magic:  0/8        EV: 11    Int: 13    God:
Gold:   78         SH:  0    Dex: 16    Spells: 2/7 levels left

rFire   . . .      SeeInvis .    a - +0 falchion
rCold   . . .      Faith    .    (no shield)
rNeg    . . .      Spirit   +    b - +0 leather armour
rPois   .          Reflect  .    (no helmet)
rElec   .          Harm     .    (no cloak)
rCorr   +          Rampage  .    (no gloves)
Will    .....                    (no boots)
Stlth   +                        (no amulet)
HPRegen 1.03/turn                g - ring of resist corrosion
MPRegen 0.11/turn                (no ring)

@: no status effects
A: fangs 2, regeneration 1, magic shield, antimagic bite, no potion heal 2
a: no special abilities


You were on level 3 of the Dungeon.
You visited 1 branch of the dungeon, and saw 3 of its levels.

You collected 78 gold pieces.

Inventory:

Hand Weapons
 a - a +0 falchion (weapon)
Missiles
 d - 7 boomerangs of dispersal (quivered)
 e - 2 datura-tipped darts
 f - 2 boomerangs
 m - 2 poisoned darts
Armour
 b - a +0 leather armour (worn)
Jewellery
 g - a ring of resist corrosion (left hand)
Wands
 s - a wand of flame (21)
Scrolls
 c - 2 scrolls of blinking
 h - 5 scrolls of identify {unknown}
 k - a scroll of fear {unknown}
 l - a scroll of magic mapping {unknown}
 o - a scroll of noise {unknown}
 p - a scroll of brand weapon {unknown}
Potions
 i - a potion of magic {unknown}
 j - a potion of berserk rage {unknown}
 n - 3 potions of curing {unknown}
 q - a potion of flight {unknown}
 r - a potion of attraction {unknown}
 t - a potion of might {unknown}


   Skills:
 - Level 1.7 Fighting
 + Level 4.0 Long Blades
 - Level 0.8 Throwing
 - Level 0.7 Armour
 - Level 1.5 Dodging
 - Level 2.1 Spellcasting
 - Level 3.0 Translocations


You had 2 spell levels left.
You knew the following spells:

 Your Spells              Type           Power      Damage    Failure   Level
a - Blink                 Tloc           18%        N/A       14%         2
b - Vhi's Electric Charg  Tloc/Air       10%        N/A       45%         3

Your spell library contained the following spells:

 Spells                   Type           Power      Damage    Failure   Level
 Lesser Beckoning         Tloc           18%        N/A       14%         2
 Magic Dart               Conj           4%         1d3       32%         1
 Searing Ray              Conj           2%         2d4       43%         2
 Teleport Other           Tloc           9%         N/A       28%         3
 Manifold Assault         Tloc           9%         N/A       67%         4
 Fulminant Prism          Conj/Hex       0%         3d5       97%         4


Dungeon Overview and Level Annotations

Branches:
Dungeon (3/15)

Altars:
Gozag

Shops:
D:3 *

Annotations:
D:3 Ijyb


Innate Abilities, Weirdness & Mutations

You have extremely sharp teeth.
Your natural rate of healing is unusually fast.
When hurt, damage is shared between your health and your magic reserves.
Your bite disrupts and absorbs the magic of your enemies.
Potions cannot restore your health.


Message History

There is an opulent altar of Gozag here.
Memorise Blink, consuming 2 spell levels and leaving 5?
You start memorising the spell.
You continue memorising. x2
You finish memorising.
Spell assigned to 'a'.
This spell is astonishingly dangerous to cast!
Memorise Vhi's Electric Charge, consuming 3 spell levels and leaving 2?
You start memorising the spell.
You continue memorising. x3
You finish memorising.
Spell assigned to 'b'.
Okay, then.
You miss Ijyb.
Ijyb is lightly wounded.
Ijyb barely misses you.
You hit Ijyb but do no damage. You bite Ijyb, but do no damage.
Ijyb is lightly wounded.
Ijyb screams, "I cut your head off!" Ijyb hits you with a +4 club!
You hit Ijyb. Your bite misses Ijyb.
Ijyb is moderately wounded.
Ijyb hits you with a +4 club.
You barely miss Ijyb. You bite Ijyb. You drain her power.
You feel invigorated.
Ijyb is moderately wounded.
Ijyb zaps a wand.
The bolt of acid hits you! You resist.
* * * LOW HITPOINT WARNING * * *
The now-empty wand crumbles to dust.
You barely miss Ijyb. You bite Ijyb. You drain her power.
You feel invigorated.
Ijyb is heavily wounded.
Ijyb misses you.
You barely miss Ijyb. Your bite misses Ijyb.
Ijyb is heavily wounded.
Ijyb misses you.
You completely miss Ijyb.
Ijyb is heavily wounded.
Ijyb hits you with a +4 club.
* * * LOW HITPOINT WARNING * * *
You hit Ijyb.
Ijyb is heavily wounded.
Ijyb hits you with a +4 club.
* * * LOW HITPOINT WARNING * * *
Ijyb hits you with a +4 club!
You die...

.....### .....#.#
.......# .......#
......###########
................#########
......##..........?.....#
#........#...............
#....##.........@g.......
#...###.....≈≈≈≈≈≈≈......
#... #..≈≈≈≈.....≈......
#... #..≈....⌠)⌠.≈......
#.. #...._...∩..≈......
##.≈....⌠.⌠.≈!.....
#.≈≈≈≈.....≈.....#
#....≈≈≈≈≈≈≈######
#############


You could see Ijyb.

Vanquished Creatures
  Jessica (D:3)
  A worm (D:2)
  2 dart slugs
  A ball python (D:1)
  4 bats
  4 endoplasms
  A giant cockroach (D:1)
  2 goblins (D:2)
  A hobgoblin (D:1)
  6 jackals
  3 quokkas
  4 frilled lizards
  4 kobolds
  6 rats
40 creatures vanquished.

Notes
Turn   | Place    | Note
-------+----------+-------------------------------------------
     0 | D:1      | Leeroy the Vine Stalker Warper began the quest for the Orb.
     0 | D:1      | Reached XP level 1. HP: 11/11 MP: 4/4
    50 | D:1      | Reached skill level 2 in Long Blades
    69 | D:1      | Reached XP level 2. HP: 4/15 MP: 1/6
   601 | D:1      | Reached skill level 3 in Long Blades
   953 | D:2      | Found an opulent altar of Gozag.
   962 | D:2      | Reached XP level 3. HP: 9/18 MP: 7/7
  1186 | D:2      | Identified the +8 ring mail of Tuliphuple {rC+}
  1602 | D:3      | Found an opulent altar of Gozag.
  1603 | D:3      | Found Gozag's Platinum Reserve.
  1614 | D:3      | Noticed Ijyb
  1615 | D:3      | Noticed Jessica
  1634 | D:3      | Killed Jessica
  1635 | D:3      | Reached skill level 4 in Long Blades
  1635 | D:3      | Gained mutation: Your natural rate of healing is unusually
                  | fast. [Vine Stalker growth]
  1635 | D:3      | Reached XP level 4. HP: 12/23 MP: 2/8
  1645 | D:3      | Learned a level 2 spell: Blink
  1649 | D:3      | Learned a level 3 spell: Vhi's Electric Charge
  1667 | D:3      | Mangled by Ijyb

Illustrated notes

Levels and vault maps discovered:
D:1:      saegor_arrival_miasma, layout_basic, grunt_decor_mini_mirrors
D:2:      layout_basic, basic_altar
D:3:      layout_rooms, nicolae_gozag_zags_fifth_avenue,
          lemuel_coloured_pillars_altar, gammafunk_temple_overflow_wave,
          uniq_ijyb, uniq_jessica

Skill      XL: |  1  2  3 |
---------------+----------+-----
Long Blades    | 2 3 4 |  4.0
Fighting       | |  1.7
Throwing       | |  0.8
Armour         | |  0.7
Dodging        | |  1.5
Spellcasting   | |  2.1
Translocations | |  3.0

Action                     |  1- 3 |  4- 6 || total
---------------------------+-------+-------++-------
  Melee: Falchion          |   110 |     8 ||   118
         Bite              |    23 |     3 ||    26
  Evoke: Wand              |       |     1 ||     1
   Stab: Sleeping          |     2 |       ||     2
 Armour: Leather armour    |    36 |       ||    36
  Dodge: Dodged            |    92 |     4 ||    96

Table legend: (Time is in decaauts)
 A = Elapsed time spent in this place.
 B = Non-inter-level travel time spent in this place.
 C = Inter-level travel time spent in this place.
 D = Time resting spent in this place.
 E = Time spent auto-exploring this place.
 F = Levels seen in this place.
 G = Mean time per level.
                   A        B        C        D        E       F      G
               +--------+--------+--------+--------+--------+-----+--------+
         Total |   1683 |   1640 |     43 |      0 |   1297 |   3 |  561.0 |
       Dungeon |   1683 |   1640 |     43 |      0 |   1297 |   3 |  561.0 |
               +--------+--------+--------+--------+--------+-----+--------+

Top non-repeatable levels by time:
     D:1: 851 daAuts
     D:2: 685 daAuts
     D:3: 146 daAuts
